 Seeded DCSS version 0.27-a0-1188-g73eefd5def (webtiles) character file.

Game seed: 16767568107801894396 (custom seed)

37 Shayle the Sneak (level 3, 0/27 HPs)
             Began as a Djinni Enchanter on May 21, 2021.
             Slain by a jackal (3 damage)
             ... on level 1 of the Dungeon.
             The game lasted 00:05:26 (2038 turns).

Shayle the Sneak (Djinni Enchanter)                 Turns: 2038, Time: 00:05:27

Health: 0/27       AC:  2    Str:  7    XL:     3   Next: 62%
Gold:   30         EV: 12    Int: 16    God:
                   SH:  5    Dex: 14

rFire    + + .     SeeInvis .   a - +1 dagger
rCold    x . .     Faith    .   c - +2 buckler
rNeg     . . .     Spirit   .   b - +0 robe
rPois    ∞         Reflect  .   (no helmet)
rElec    .         Harm     .   (no cloak)
rCorr    .         Rampage  .   (no gloves)
Will     .....                  (boots unavailable)
Stlth    ++........             (no amulet)
HPRegen  0.09/turn              (no ring)
MPRegen  0.00/turn              (no ring)

@: flying, very slightly contaminated
A: sickness immunity, fire resistance 2, cold vulnerability 1, float, innate
caster, hp casting, extra vitality 1
a: no special abilities


You were on level 1 of the Dungeon.
You visited 1 branch of the dungeon, and saw 3 of its levels.

You collected 30 gold pieces.

Inventory:

Hand Weapons
 a - a +1 dagger (weapon)
Armour
 b - a +0 robe (worn)
 c - a +2 buckler (worn)
Jewellery
 f - a ring of magical power
Scrolls
 d - a scroll of acquirement {unknown}
 e - a scroll of amnesia {unknown}


   Skills:
 + Level 1.1 Fighting
 - Level 0.8 Short Blades
 + Level 2.7 Dodging
 * Level 3.0 Stealth
 + Level 2.6 Spellcasting


You couldn't memorise any spells.
You knew the following spells:

 Your Spells              Type           Power      Damage    Failure   Level
a - Corona                Hex            11%        N/A       11%         1
b - Ensorcelled Hibernat  Hex/Ice        20%        N/A       17%         2
c - Confusing Touch       Hex            10%        N/A       32%         3
d - Tukima's Dance        Hex            10%        N/A       32%         3
e - Dazzling Flash        Conj/Hex       20%        N/A       32%         3
f - Magic Dart            Conj           40%        1d5       11%         1
Your spell library was empty.

Dungeon Overview and Level Annotations

Branches:
Dungeon (3/15)

Altars:

Shops:
D:2 :!


Innate Abilities, Weirdness & Mutations

You are immune to sickness and miasma.
You are immune to poison.
Your flesh is very heat resistant. (rF++)
You are vulnerable to cold. (rC-)
You float through the air rather than walking.
You learn spells naturally, not from books.
Your magical power is your life essence.
You have superior vitality. (+4 HP)


Message History

Press: ? - help, Shift-Dir - straight line, f - jackal
Aim: a jackal (chance to affect: 59%)
You miscast Ensorcelled Hibernation.
You are very lightly contaminated with residual magic.
Nothing appears to happen.
Casting: Ensorcelled Hibernation (safe; 17% risk of failure)
Confirm with . or Enter, or press ? or * to list all spells.
Aiming: Ensorcelled Hibernation (safe; 17% risk of failure)
Press: ? - help, Shift-Dir - straight line, f/p - jackal
Aim: a jackal (chance to affect: 59%)
The jackal resists with significant effort.
The jackal bites you but does no damage.
You hit the jackal but do no damage. The jackal closely misses you.
The jackal bites you.
* * * LOW HITPOINT WARNING * * *
Casting: Ensorcelled Hibernation (safe; 17% risk of failure)
Confirm with . or Enter, or press ? or * to list all spells.
Aiming: Ensorcelled Hibernation (safe; 17% risk of failure)
Press: ? - help, Shift-Dir - straight line, f/p - jackal
Aim: a jackal (chance to affect: 59%)
The jackal resists with significant effort.
* * * LOW HITPOINT WARNING * * *
You block the jackal's attack.
You barely miss the jackal. The jackal bites you.
* * * LOW HITPOINT WARNING * * *
The jackal bites you but does no damage.
You aren't carrying any potions.
Unknown command.
You miss the jackal. The jackal misses you.
Okay, then.
You hit the jackal.
The jackal is moderately wounded.
The jackal barely misses you. You block the jackal's attack.
You barely miss the jackal.
The jackal is moderately wounded.
The jackal closely misses you.
You hit the jackal but do no damage.
The jackal is moderately wounded.
You block the jackal's attack. The jackal bites you.
You die...

#..# #.# #..# #.#
####### #..# #.#
......# #..###.##
#####.###..##...####.#
#...............[..
#########...####... .
##.##########....
#..@h$..:.......
################


You could see a jackal.

Vanquished Creatures
  2 dart slugs (D:1)
  An endoplasm (D:2)
  2 giant cockroaches (D:1)
  A goblin (D:3)
  5 hobgoblins
  6 jackals
  A kobold (D:2)
  3 quokkas (D:1)
  2 ball pythons (D:1)
  2 bats (D:3)
  A frilled lizard (D:1)
  2 rats
28 creatures vanquished.

Notes
Turn   | Place    | Note
-------+----------+-------------------------------------------
     0 | D:1      | Shayle the Djinni Enchanter began the quest for the Orb.
     0 | D:1      | Reached XP level 1. HP: 15/15 MP: 0/0
   527 | D:2      | Reached XP level 2. HP: 19/22 MP: 0/0
  1367 | D:2      | Found Isyupont's Book Shoppe.
  1389 | D:2      | Found Yhugen's Distillery.
  1640 | D:1      | Reached XP level 3. HP: 24/26 MP: 0/0
  1640 | D:1      | Learned a level 1 spell: Magic Dart
  1882 | D:1      | Reached skill level 1 in Fighting
  1901 | D:1      | Reached skill level 3 in Stealth
  2038 | D:1      | Slain by a jackal

Illustrated notes

Levels and vault maps discovered:
D:1:      dpeg_arrival_pits, layout_loops_ring, serial_shops, shop,
          minmay_pentomino_w4
D:2:      layout_basic, serial_shops, nicolae_shop_behind_doors, shop,
          shop_statue, shop, nicolae_shop_statue_plus,
          shapermc_ecumenical_altar_totnotflames, uniq_jessica
D:3:      layout_loops_corners, good_gods_mini_temple, gammafunk_ghost_cemetery,
          uniq_terence, uniq_crazy_yiuf_cottage

Skill      XL: |  1  2  3 |
---------------+----------+-----
Fighting       | 1 |  1.1
Stealth        | 3 |  3.0
Short Blades   | |  0.8
Dodging        | |  2.7
Spellcasting   | |  2.6

Action                   || total
-------------------------++-------
Melee: Dagger            ||   139
 Cast: Ensorcelled Hiber ||    16
 Stab: Sleeping          ||    10
Armor: Robe              ||    18
Dodge: Dodged            ||    72
Block: Buckler           ||    20

Table legend: (Time is in decaauts)
 A = Elapsed time spent in this place.
 B = Non-inter-level travel time spent in this place.
 C = Inter-level travel time spent in this place.
 D = Time resting spent in this place.
 E = Time spent auto-exploring this place.
 F = Levels seen in this place.
 G = Mean time per level.
                   A        B        C        D        E       F      G
               +--------+--------+--------+--------+--------+-----+--------+
         Total |   2041 |   2041 |      0 |   1130 |    326 |   3 |  680.3 |
       Dungeon |   2041 |   2041 |      0 |   1130 |    326 |   3 |  680.3 |
               +--------+--------+--------+--------+--------+-----+--------+

Top non-repeatable levels by time:
     D:2: 992 daAuts
     D:1: 665 daAuts
     D:3: 383 daAuts
